 Dungeon Crawl Stone Soup version 0.31-a0-229-g1fc7ce93e2 (webtiles) character file.

Game seed: 17232776368503290047

84 qw the Shooter (level 4, -1/26 HPs)
             Began as a Gargoyle Hexslinger on July 6, 2023.
             Slain by a gnoll
             ... wielding a +0 spear
             ... led by a gnoll bouda
              (7 damage)
             ... on level 4 of the Dungeon.
             The game lasted 00:00:36 (1084 turns).

qw the Shooter (Gargoyle Hexslinger)                Turns: 1084, Time: 00:00:36

Health: -1/26      AC:  8    Str: 11    XL:     4   Next: 46%
Magic:  5/5        EV: 10    Int: 14    God:
Gold:   67         SH:  0    Dex: 14    Spells: 4/5 levels left

rFire   . . .        Y - +1 sling (freeze)
rCold   . . .        (no shield)
rNeg    + . .        j - +0 ring mail
rPois   inf          (no helmet)
rElec   +            (no cloak)
rCorr   .            (no gloves)
SInv    +            (no boots)
Will    .....        (no amulet)
Stlth   +            k - ring of see invisible
HPRegen 0.24/turn    (no ring)
MPRegen 0.09/turn

%: no passive effects
@: no status effects
A: sickness immunity, AC +3, negative energy resistance 1, electricity
resistance, torment resistance 1, petrification resistance
a: no special abilities


You were on level 4 of the Dungeon.
You visited 1 branch of the dungeon, and saw 3 of its levels.

You collected 67 gold pieces.


Innate Abilities, Weirdness & Mutations

You are immune to sickness and miasma.
Your stone body is resilient. (AC +3)
You are immune to poison.
You resist negative energy. (rN+)
You are resistant to electric shocks. (rElec)
You are resistant to unholy torment.
You are immune to petrification.


   Skills:
 - Level 2.0 Fighting
 - Level 4.1 Ranged Weapons
 + Level 0.9 Armour
 - Level 1.5 Dodging
 - Level 1.0 Spellcasting
 - Level 2.6 Hexes


You had 4 spell levels left.
You knew the following spells:

 Your Spells              Type           Power      Damage    Failure   Level
a - Slow                  Hex            32%        N/A       22%         1

Your spell library contained the following spells:

 Spells                   Type           Power      Damage    Failure   Level
 Inner Flame              Hex/Fire       4%         N/A       73%         3
 Portal Projectile        Hex/Tloc       8%         N/A       73%         3
 Cause Fear               Hex            4%         N/A       91%         4

Inventory:

Hand Weapons
 Y - a +1 sling of freezing (weapon)
Armour
 a - a +0 pair of gloves
 j - a +0 ring mail (worn)
Jewellery
 k - a ring of see invisible (left hand)
Scrolls
 b - a scroll of enchant weapon {unknown}
Potions
 d - 4 potions of curing {unknown}
 f - a potion of brilliance {unknown}
 g - a potion of invisibility {unknown}

Dungeon Overview and Level Annotations

Branches:
Dungeon (2/15)

Altars:
Gozag

Shops:
D:4 *

Annotations:
D:2 Sigmund


Message History

The gnoll bouda shouts!
You hear a shout!
The gnoll bouda barks out a call to the hunt!
The gnoll picks up the pace!
A kobold comes into view. It is wielding a +0 dagger.
You shoot a sling bullet.
The sling bullet completely misses the gnoll.
The gnoll bouda barks out a call to the hunt!
A gnoll comes into view. It is wielding a +3 spear.
You shoot a sling bullet. The sling bullet hits the gnoll.
The sling bullet freezes the gnoll.
The gnoll is moderately wounded.
A gnoll comes into view. It is wielding a +0 spear.
You shoot a sling bullet. The sling bullet hits the gnoll.
The sling bullet freezes the gnoll.
The gnoll is severely wounded.
The gnoll hits you with a +0 club. x2
You shoot a sling bullet.
The sling bullet closely misses the gnoll.
A gnoll comes into view. It is wielding a +0 spear.
The gnoll hits you with a +0 club!
You shoot a sling bullet. The gnoll shouts!
The sling bullet hits the gnoll.
The sling bullet freezes the gnoll.
You kill the gnoll!
The gnoll bouda barks out a call to the hunt!
The gnoll picks up the pace!
You shoot a sling bullet. The sling bullet hits the kobold!
The sling bullet freezes the kobold.
You kill the kobold!
You shoot a sling bullet.
The sling bullet barely misses the gnoll bouda.
The sling bullet barely misses the gnoll.
The sling bullet hits the gnoll but does no damage.
You shoot a sling bullet. The sling bullet hits the gnoll bouda.
The sling bullet freezes the gnoll bouda.
The gnoll bouda is lightly wounded.
The gnoll hits you from afar with a +0 spear.
The gnoll hits you from afar with a +0 spear!
You die...

##.## #...# #...#
#...# #
.####...##### ...
............#g.)..
..........@)gg...#
#.........g.#!.#.#
###.#...#.### #
#.#...#.#
#>#...#.#
#.#...#.#
#.#.....#
#.......#
###..##.#####


You could see a gnoll bouda and 3 gnolls.

Vanquished Creatures
  2 gnolls (D:4)
  An adder (D:2)
  3 dart slugs
  6 ball pythons
  2 bats (D:1)
  4 endoplasms
  3 giant cockroaches
  6 goblins
  4 hobgoblins
  A frilled lizard (D:1)
  10 kobolds
  4 rats
46 creatures vanquished.

Notes
Turn   | Place    | Note
-------+----------+-------------------------------------------
     0 | D:1      | qw the Gargoyle Hexslinger began the quest for the Orb.
     0 | D:1      | Reached XP level 1. HP: 12/12 MP: 2/2
     0 | D:1      | 0 ||| qw: Version: 0.3-a-46-gb1f654a
     0 | D:1      | 0 ||| qw: Game counter: 1538
     0 | D:1      | 0 ||| qw: Melee chars always use a shield: true
     0 | D:1      | 0 ||| qw: God list: Okawaru
     0 | D:1      | 0 ||| qw: Allow faded altars: false
     0 | D:1      | 0 ||| qw: Do Orc after clearing Dungeon:15 true
     0 | D:1      | 0 ||| qw: Do second Lair branch before Depths: true
     0 | D:1      | 0 ||| qw: Lair rune preference: random
     0 | D:1      | 0 ||| qw: Goals: Normal
     0 | D:1      | 0 ||| PLANNING D:1-11
    53 | D:1      | Reached XP level 2. HP: 8/16 MP: 3/3
   167 | D:1      | Reached skill level 3 in Ranged Weapons
   236 | D:1      | Reached XP level 3. HP: 21/21 MP: 4/4
   451 | D:1      | 451 ||| UPGRADING to +0 ring mail.
   461 | D:1      | 461 ||| DROPPING +0 robe.
   462 | D:1      | 462 ||| UPGRADING to ring of see invisible.
   463 | D:1      | 463 ||| READING scroll labelled POSU ZUICIAV.
   464 | D:1      | 464 ||| READING scroll labelled OCAIPEFE HAHUY.
   465 | D:1      | 465 ||| READING scroll labelled USTROE RISUSTU.
   466 | D:1      | 466 ||| READING scroll labelled QASHRAPETUUD.
   469 | D:1      | 469 ||| DROPPING scroll of poison.
   883 | D:2      | Reached XP level 4. HP: 26/26 MP: 5/5
  1043 | D:2      | Noticed Sigmund
  1043 | D:2      | You fall into a shaft and drop 2 floors!
  1047 | D:4      | Found Gozag's Platinum Reserve.
  1051 | D:4      | Found an opulent altar of Gozag.
  1076 | D:4      | Reached skill level 4 in Ranged Weapons
  1084 | D:4      | HP: 6/26 [gnoll/+0 spear[a gnoll bouda] (4)]
  1084 | D:4      | Slain by a gnoll

Levels and vault maps discovered:
D:1:      saegor_arrival_simple_b, layout_rooms, feat_on_display
D:2:      minmay_inner_zag, layout_basic, uniq_sigmund, uniq_terence
D:4:      layout_loops_cross, nicolae_gozag_zags_fifth_avenue, uniq_natasha,
          uniq_blork_the_orc, uniq_pikel

Skill      XL: |  1  2  3  4 |
---------------+-------------+-----
Ranged Weapons | 3 4 |  4.1
Fighting       | 2 |  2.0
Armour         | |  0.9
Dodging        | |  1.5
Spellcasting   | |  1.0
Hexes          | |  2.6

Action                     |  1- 3 |  4- 6 || total
---------------------------+-------+-------++-------
   Fire: Sling             |   125 |    26 ||   151
    Use: Scroll            |     4 |       ||     4
 Armour: Robe              |    10 |       ||    10
         Ring mail         |    11 |     1 ||    12
  Dodge: Dodged            |    33 |     3 ||    36

Table legend:
 A = Non-vault XP
 B = Vault XP
 C = Vault XP percentage of total XP
 D = Non-vault monster count
 E = Vault monster count
 F = Vault count percentage of total count
                 A         B        C        D         E       F
            +---------+---------+-------+---------+---------+-------
      Total |     110 |      11 |   9.1 |      41 |       5 |  10.9
            +---------+---------+-------+---------+---------+-------
        D:1 |      45 |       0 |   0.0 |      23 |       0 |   0.0
        D:2 |      32 |      11 |  25.6 |      13 |       5 |  27.8
        D:4 |      33 |       0 |   0.0 |       5 |       0 |   0.0
            +---------+---------+-------+---------+---------+-------
